 Dungeon Crawl Stone Soup version 0.27-a0-765-ge4d627daa3 (webtiles) character file.

Game seed: 777351599844424784

253760 sleeves the Bludgeoner (level 18, -40/154 HPs)
             Began as a Demigod Hunter on Mar 24, 2021.
             Succumbed to a green very ugly thing's poison
             ... on level 3 of the Vaults on Mar 25, 2021.
             The game lasted 01:32:59 (41925 turns).

sleeves the Bludgeoner (Demigod Hunter)            Turns: 41925, Time: 01:32:59

Health: -40/154    AC: 19    Str: 32      XL:     18   Next: 67%
Magic:  30/30      EV: 16    Int: 21      God:
Gold:   2147       SH: 13    Dex: 18 (20) Spells: 20/27 levels left

rFire    + + .     SeeInvis .   Y - +6 eveningstar (vamp)
rCold    . . .     Faith    .   A - +0 buckler
rNeg     + . .     Spirit   .   E - +1 chain mail {rPois}
rPois    +         Reflect  +   U - +2 hat
rElec    +         Harm     .   Z - scarf {repulsion}
rCorr    .         Rampage  .   W - +0 pair of gloves {Str+3}
Will     ++...                  K - +1 pair of boots {Fly}
Stlth    ..........             V - amulet "Meuzesm" {Reflect rF+ SH+5 Stlth+}
HPRegen  0.35/turn              x - ring "Deaxiav" {*Contam rElec rN+ Dex+6}
MPRegen  0.22/turn              F - ring of willpower

@: lethally poisoned (-40 -> -154), on fire, flying, glowing, studying Air
Magic, repel missiles
A: high mp 1, forlorn, deterioration 1, fire resistance 1, MP-powered wands
}: 1/15 runes: barnacled
a: Stop Flying


You were on level 3 of the Vaults.
You visited 6 branches of the dungeon, and saw 34 of its levels.
You visited the Abyss 1 time.

You collected 5740 gold pieces.
You spent 3593 gold pieces at shops.

Inventory:

Hand Weapons
 Y - a +6 vampiric eveningstar (weapon)
   (You took it off Urug on level 4 of the Lair of Beasts)
Missiles
 c - 33 javelins (quivered)
 d - 7 throwing nets
 k - 15 curare-tipped darts
 u - 9 poisoned darts
 v - 41 boomerangs
 G - 17 silver javelins
 O - 11 atropa-tipped darts
 R - 14 boomerangs of dispersal
Armour
 a - a +0 kite shield
   (You found it on level 6 of the Lair of Beasts)
 m - a +1 chain mail of fire resistance
   (You took it off an orc priest on level 8 of the Dungeon)
 o - a +1 chain mail of cold resistance
   (You took it off an orc knight on level 1 of the Orcish Mines)
 A - a +0 buckler (worn)
   (You found it on level 1 of the Lair of Beasts)
 E - a +1 chain mail of poison resistance (worn)
   (You bought it in a shop on level 2 of the Orcish Mines)
 K - a +1 pair of boots of flying (worn)
   (You bought it in a shop on level 2 of the Shoals)
 U - a +2 hat (worn)
   (You took it off Gastronok on level 1 of the Lair of Beasts)
 W - a +0 pair of gloves of strength (worn)
   (You bought it in a shop on level 1 of the Snake Pit)
 Z - a scarf of repulsion (worn)
   (You found it on level 6 of the Lair of Beasts)
Jewellery
 l - a ring of protection from cold
   (You found it on level 2 of the Snake Pit)
 x - the ring "Deaxiav" (right hand) {*Contam rElec rN+ Dex+6}
   (You acquired it on level 11 of the Dungeon)

   [ring of positive energy]

   It affects your dexterity (+6).
   It insulates you from electricity.
   It protects you from negative energy.
   It causes magical contamination when unequipped.
 F - a ring of willpower (left hand)
   (You bought it in a shop on level 11 of the Dungeon)
 V - the amulet "Meuzesm" (around neck) {Reflect rF+ SH+5 Stlth+}
   (You acquired it on level 1 of the Vaults)

   [amulet of reflection]

   It shields you and reflects attacks.
   It protects you from fire.
   It affects your SH (+5).
   It makes you more stealthy.
 X - a ring of see invisible
   (You found it on level 1 of the Shoals)
Wands
 s - a wand of acid (64)
   (You found it on level 10 of the Dungeon)
 H - a wand of iceblast (21)
   (You found it on level 8 of the Dungeon)
 I - a wand of mindburst (32)
   (You found it on level 8 of the Dungeon)
 S - a wand of digging (6)
   (You found it on level 1 of the Lair of Beasts)
Scrolls
 g - 6 scrolls of amnesia
 i - 3 scrolls of fog
 n - 2 scrolls of fear
 p - 4 scrolls of enchant armour
 q - 10 scrolls of teleportation
 r - 2 scrolls of blinking
 y - a scroll of noise {unknown}
 B - a scroll of summoning
 C - 6 scrolls of magic mapping
 D - 3 scrolls of immolation
 P - a scroll of holy word
 T - a scroll of silence {unknown}
Potions
 b - a potion of berserk rage
 e - 3 potions of heal wounds
 f - 5 potions of might
 h - 15 potions of curing
 t - a potion of cancellation
 w - 3 potions of magic
 z - a potion of haste
 J - 4 potions of flight
 L - 7 potions of ambrosia
 M - 7 potions of mutation
 N - a potion of resistance
 Q - 3 potions of brilliance


   Skills:
 - Level 12.0 Fighting
 - Level 16.0 Maces & Flails
 - Level 10.0 Throwing
 - Level 12.0 Armour
 - Level 12.0 Dodging
 - Level 0.8 Stealth
 + Level 13.8 Shields
 - Level 5.0 Spellcasting
 - Level 10.0 Translocations
 - Level 8.0 Air Magic


You had 20 spell levels left.
You knew the following spells:

 Your Spells              Type           Power      Damage    Failure   Level
a - Blink                 Tloc           N/A        N/A       1%          2
b - Apportation           Tloc           94%        N/A       1%          1
c - Passage of Golubria   Tloc           N/A        N/A       6%          4

Your spell library contained the following spells:

 Spells                   Type           Power      Damage    Failure   Level
 Swiftness                Air            38%        N/A       1%          2
 Gell's Gravitas          Tloc           23%        N/A       1%          3
 Poisonous Vapours        Pois/Air       44%        N/A       11%         2
 Animate Skeleton         Necr           10%        N/A       34%         1
 Corona                   Hex            5%         N/A       34%         1
 Foxfire                  Conj/Fire      20%        2x1d5     34%         1
 Magic Dart               Conj           20%        1d4       34%         1
 Pain                     Necr           20%        1d5       34%         1
 Sting                    Tmut/Pois      20%        1d4       34%         1
 Summon Small Mammal      Summ           20%        N/A       34%         1
 Mephitic Cloud           Conj/Pois/Air  16%        N/A       36%         3
 Call Imp                 Summ           5%         N/A       47%         2
 Passwall                 Tmut/Erth      4%         N/A       47%         2
 Slow                     Hex            5%         N/A       47%         2
 Confusing Touch          Hex            5%         N/A       71%         3
 Conjure Flame            Conj/Fire      5%         6-21      71%         3
 Ignite Poison            Fire/Tmut/Pois 5%         N/A       71%         3
 Inner Flame              Hex/Fire       5%         N/A       71%         3
 Vampiric Draining        Necr           2%         2d6       71%         3
 Animate Dead             Necr           2%         N/A       98%         4
 Olgreb's Toxic Radiance  Pois           5%         N/A       98%         4
 Petrify                  Tmut/Erth      5%         N/A       98%         4
 Sticky Flame             Conj/Fire      5%         2d3       98%         4
 Agony                    Necr           5%         N/A       100%        5
 Bolt of Magma            Conj/Fire/Erth 2%         4d4       100%        5
 Fireball                 Conj/Fire      2%         3d4       100%        5
 Iskenderun's Battlesphe  Conj           5%         2d6       100%        5
 Lee's Rapid Deconstruct  Erth           2%         3d6*      100%        5
 Metabolic Englaciation   Hex/Ice        2%         N/A       100%        5
 Yara's Violent Unravell  Hex/Tmut       2%         3d3       100%        5
 Invisibility             Hex            5%         N/A       100%        6
 Iron Shot                Conj/Erth      2%         9d2       100%        6
 Orb of Destruction       Conj           2%         9d1       100%        7
 Spellforged Servitor     Conj/Summ      2%         N/A       100%        7


Dungeon Overview and Level Annotations

Branches:
Dungeon (15/15)            Temple (0/1) D:5            Lair (6/6) D:10
 Shoals (4/4) Lair:3        Snake (4/4) Lair:3        Slime (0/5) Lair:6
    Orc (2/2) D:12            Elf (0/3) Orc:2        Vaults (3/5) D:14
  Crypt (0/3) Vaults:2     Depths (0/5) D:15

Shops:
D:3 !   D:11 ??=*!   Orc:1 *   Orc:2 [![*(   Shoals:1 *!   Shoals:2 [[
Shoals:4 [   Snake:1 ([   Vaults:1 :

Annotations:
D:3 exclusion: ice beast
D:8 3 runed translucent doors, HendSelp's ghost, novice DDFi
Lair:1 exclusion: 2 oklob plants
Shoals:2 1 runed translucent door, xzight's ghost, adept MiBe
Snake:4 Agnes
Vaults:1 3 runed translucent doors


Innate Abilities, Weirdness & Mutations

Your attributes grow dramatically as you level up.
You have an increased reservoir of magic. (+10% MP)
You shall have no god before yourself.
Your body sometimes deteriorates upon taking damage.
Your flesh is heat resistant. (rF+)
You expend magic power (3 MP) to strengthen your wands.


Message History

You barely miss the ironbound beastmaster.
You block the ironbound beastmaster's attack.
You impale the ironbound beastmaster!!
The ironbound beastmaster is severely wounded.
You hit the ironbound beastmaster.
The ironbound beastmaster is severely wounded.
You block the ironbound beastmaster's attack.
You hit the ironbound beastmaster.
The ironbound beastmaster is severely wounded.
You block the ironbound beastmaster's attack.
You bludgeon the ironbound beastmaster!!
You kill the ironbound beastmaster!
No target in view!
No target in view!
No target in view!
No target in view!
No target in view!
No target in view!
Items here: ( ) [ †.
Things that are here:
a +0 battleaxe; a +0 chain mail; a human corpse
Items here: ) [ ††.
Okay, then.
There is an open door, spattered with blood here. 2 yaktaurs come into view.
The yaktaur shouts! x2; You hear a shout!
The yaktaur wields a +0 arbalest.
The yaktaur shoots a bolt.
The bolt closely misses you.
The yaktaur wields a +0 arbalest.
The yaktaur shoots a bolt.
You reflect the bolt off an invisible shield around you!
The bolt hits the yaktaur!!!
There are monsters nearby!
There are monsters nearby!
There are monsters nearby!
There are monsters nearby!
A yaktaur comes into view.
The yaktaur wields a +0 arbalest.
The yaktaur shoots a bolt.
The bolt hits you!!
The yaktaur shoots a bolt.
The bolt barely misses you.
A yaktaur captain comes into view.
The yaktaur shoots a bolt.
The bolt misses you.
The yaktaur shoots a bolt.
You reflect the bolt off an invisible shield around you!
The bolt hits the yaktaur!
You kill the yaktaur!
You feel your dexterity returning.
There is a large open door here.
The yaktaur captain shouts!
The yaktaur shoots a bolt.
The bolt closely misses you.
The yaktaur unwields a +0 arbalest.
The yaktaur closely misses you.
You barely miss the yaktaur.
The yaktaur shoots a bolt.
You reflect the bolt off an invisible shield around you!
The bolt hits the yaktaur!!
You puncture the yaktaur!
The yaktaur is almost dead.
The yaktaur barely misses you.
You puncture the yaktaur!
You feel better.
You kill the yaktaur!
The yaktaur shoots a bolt.
You reflect the bolt off an invisible shield around you!
The bolt hits the yaktaur!!
The yaktaur captain hits you!
You impale the yaktaur captain!!
You feel better.
The yaktaur captain is moderately wounded.
The yaktaur shoots a bolt.
You reflect the bolt off an invisible shield around you!
The bolt hits the yaktaur!!!
You kill the yaktaur!
You barely miss the yaktaur captain.
The yaktaur captain is moderately wounded.
The yaktaur captain misses you.
You puncture the yaktaur captain!
You feel better.
The yaktaur captain is heavily wounded.
The yaktaur captain hits you.
You hit the yaktaur captain.
You feel better.
The yaktaur captain is heavily wounded.
You puncture the yaktaur captain!
The yaktaur captain is severely wounded.
The yaktaur captain hits you!
You puncture the yaktaur captain!
The yaktaur captain is severely wounded.
You block the yaktaur captain's attack.
You barely miss the yaktaur captain.
The yaktaur captain is severely wounded.
You bludgeon the yaktaur captain!!
You feel better.
You kill the yaktaur captain!
No target in view!
No target in view!
No target in view!
No target in view!
No target in view!
No target in view!
No target in view!
No target in view!
No target in view!
No target in view!
No target in view!
No target in view!
Items here: ( )) †.
Things that are here:
a +0 arbalest; 15 bolts
M - 7 potions of mutation (gained 1)
Things that are here:
a +0 arbalest; 15 bolts; a yaktaur corpse
There is a large open door here.
Things that are here:
a +0 robe; a +0 dagger
There is an open door, spattered with blood here.
An ironbound convoker comes into view. It is wielding a +0 dire flail.
The ironbound convoker shouts!
An ironbound convoker is nearby!
An ironbound convoker is nearby!
The ironbound convoker completely misses you.
You bludgeon the ironbound convoker!!
The ironbound convoker is heavily wounded.
The ironbound convoker hits you with a +0 dire flail.
You hit the ironbound convoker.
The ironbound convoker is severely wounded.
The ironbound convoker closely misses you.
You bludgeon the ironbound convoker!!
You kill the ironbound convoker!
Things that are here:
a +0 dire flail; a +0 ring mail The great orb of eyes gazes at you.
You resist with almost no effort.
Things that are here:
a +0 flail; a +0 scale mail You sock the great orb of eyes!
The great orb of eyes is lightly wounded.
You block the great orb of eyes's attack.
You puncture the great orb of eyes!
The great orb of eyes is heavily wounded.
You splatter the great orb of eyes into a gooey mess!!!
You kill the great orb of eyes!
No target in view!
No target in view!
No target in view!
There is an open door here.
Found a stone staircase leading down.
Found a wand of random effects (17).
You see here a wand of random effects (17).
There is an open door here.
There is an open door, spattered with blood here.
Items here: ( )) [.
There is an open door, spattered with blood here.
The ironbound beastmaster shouts!
You hear a shout! x2
There is an open door here.
An ironbound beastmaster is nearby!
An ironbound beastmaster is nearby!
You block the ironbound beastmaster's attack.
You hit the ironbound beastmaster.
The ironbound beastmaster is lightly wounded.
You closely miss the ironbound beastmaster.
The ironbound beastmaster is lightly wounded.
The ironbound beastmaster hits you with a +0 whip.
You hit the ironbound beastmaster.
You feel better.
The ironbound beastmaster is moderately wounded.
You block the ironbound beastmaster's attack.
The ironbound preserver shouts!
You bludgeon the ironbound beastmaster!!
You feel better.
The ironbound beastmaster is severely wounded.
You hear a shout!
You hear a roar!
You closely miss the ironbound beastmaster.
The ironbound beastmaster is severely wounded.
The ironbound beastmaster misses you.
You puncture the ironbound beastmaster!
The ironbound beastmaster is almost dead.
The ironbound beastmaster misses you.
You puncture the ironbound beastmaster!
You kill the ironbound beastmaster!
A deep troll comes into view.
The deep troll shouts!
You bludgeon the ironbound preserver!!
The ironbound preserver is moderately wounded.
The ironbound preserver hits you with a +0 great mace!
You impale the ironbound preserver!!
You feel better.
The ironbound preserver is moderately wounded.
A lindwurm comes into view.
The ironbound preserver hits you with a +0 great mace!
The lindwurm roars!
You puncture the ironbound preserver!
You feel better.
The ironbound preserver is heavily wounded.
You hear a trumpeting!
You hear a roar!
You puncture the ironbound preserver!
You feel better.
The ironbound preserver is severely wounded.
You block the ironbound preserver's attack.
There are monsters nearby!
There are monsters nearby!
There are monsters nearby!
You impale the ironbound preserver!!
The ironbound preserver is almost dead.
You block the ironbound preserver's attack.
You bludgeon the ironbound preserver!!
You kill the ironbound preserver!
A deep troll comes into view.
A dire elephant comes into view.
You hit the deep troll but do no damage.
You block the deep troll's attack.
The deep troll claws you but does no damage.
The deep troll barely misses you.
You bludgeon the deep troll!!
The deep troll is heavily wounded.
You hear a roar!
The deep troll bites you but does no damage.
The deep troll claws you. You block the deep troll's attack.
You puncture the deep troll!
You feel better.
The deep troll is almost dead.
You impale the deep troll!!
You kill the deep troll!
You block the deep troll's attack. x2; The deep troll closely misses you.
You impale the deep troll!!
The deep troll is heavily wounded.
The deep troll barely misses you.
The deep troll claws you but does no damage. x2
You puncture the deep troll!
The deep troll is severely wounded.
You block the deep troll's attack.
The deep troll completely misses you. x2
You impale the deep troll!!
You kill the deep troll!
Your Shields skill increases to level 13!
You puncture the deep troll!
The deep troll is moderately wounded.
You block the deep troll's attack. The deep troll barely misses you.
The deep troll closely misses you.
A lindwurm comes into view.
You puncture the deep troll!
The deep troll is moderately wounded.
The deep troll barely misses you. The deep troll claws you!
The deep troll misses you.
You bludgeon the deep troll!!
You feel better.
The deep troll is severely wounded.
The deep troll barely misses you. The deep troll claws you!
The deep troll claws you but does no damage.
Your chain mail prevents you from hitting the deep troll.
The deep troll is severely wounded.
You block the dire elephant's attack. x2
You thump the deep troll!
You feel better.
The deep troll is almost dead.
You block the deep troll's attack. x2; The deep troll barely misses you.
You bludgeon the deep troll!!
You feel better.
You kill the deep troll!
You block the dire elephant's attack.
The dire elephant trunk-slaps you but does no damage.
A lindwurm comes into view.
The lindwurm breathes flames at you. The blast of flame hits you. You resist.
The lindwurm roars!
You impale the lindwurm!!
The lindwurm is severely wounded.
The dire elephant tramples you!!
You are shoved backwards!
You hit the dire elephant but do no damage.
The dire elephant tramples you!
You hold your ground!
The dire elephant trunk-slaps you but does no damage.
You sock the lindwurm!
You feel better.
You kill the lindwurm!
You feel your intelligence returning.
You thump the dire elephant!
The dire elephant is lightly wounded.
You block the dire elephant's attack. x2
You beat the dire elephant like a drum!!!
You feel better.
The dire elephant is heavily wounded.
The dire elephant completely misses you.
The dire elephant barely misses you.
You hit the dire elephant.
You feel better.
The dire elephant is heavily wounded.
The lindwurm bites you. You block the lindwurm's attack.
The lindwurm claws you but does no damage.
You flatten the dire elephant like a pancake!!!
The dire elephant is almost dead.
You block the dire elephant's attack. The dire elephant misses you.
You block the lindwurm's attack.
The lindwurm claws you but does no damage.
The lindwurm completely misses you.
You puncture the dire elephant!
You kill the dire elephant!
You bludgeon the lindwurm!!
You feel better.
The lindwurm is moderately wounded.
A deep troll comes into view.
You block the lindwurm's attack.
The lindwurm claws you but does no damage.
You block the lindwurm's attack.
You hit the lindwurm.
You feel better.
The lindwurm is heavily wounded.
You block the lindwurm's attack.
The lindwurm claws you but does no damage.
You block the lindwurm's attack.
You thump the lindwurm!
The lindwurm is almost dead.
You hit the lindwurm.
The lindwurm is almost dead.
You block the lindwurm's attack. x2; The lindwurm closely misses you.
You hit the lindwurm.
You feel better.
You kill the lindwurm!
The deep troll misses you. The deep troll completely misses you.
You block the deep troll's attack.
You see here a dire elephant corpse.
You perforate the deep troll like a sieve!!!
You feel better.
The deep troll is severely wounded.
The deep troll bites you but does no damage.
The deep troll completely misses you. The deep troll misses you.
The lindwurm barely misses you. The lindwurm closely misses you.
The lindwurm claws you but does no damage.
You sock the deep troll!
The deep troll is almost dead.
You barely miss the deep troll.
The deep troll is almost dead.
The lindwurm bites you! The lindwurm claws you.
You block the lindwurm's attack.
The deep troll bites you but does no damage.
You block the deep troll's attack. The deep troll barely misses you.
You impale the deep troll!!
You feel better.
You kill the deep troll!
The lindwurm misses you. The lindwurm closely misses you.
The lindwurm claws you but does no damage.
You hit the lindwurm.
You feel better.
The lindwurm is lightly wounded.
You puncture the lindwurm!
You feel better.
The lindwurm is heavily wounded.
The lindwurm breathes flames at you. The blast of flame hits you. You resist.
You impale the lindwurm!!
You feel better.
You kill the lindwurm!
No target in view!
No target in view!
No target in view!
No target in view!
No target in view!
No target in view!
No target in view!
No target in view!
No target in view!
No target in view!
No target in view!
No target in view!
No target in view!
No target in view!
No target in view!
No target in view!
No target in view!
No target in view!
No target in view!
No target in view!
No target in view!
No target in view!
No target in view!
Things that are here:
a +0 great mace; a +0 ring mail; a human corpse
Things that are here:
a +0 whip; a +0 animal skin You see here a dire elephant corpse.
There is an open door here.
There is an open door here.
A slime creature comes into view.
A slime creature is nearby!
A slime creature is nearby!
A slime creature is nearby!
You block the slime creature's attack.
You puncture the slime creature!
The slime creature is lightly wounded.
The slime creature hits you!
You impale the slime creature!!
The slime creature is heavily wounded.
You puncture the slime creature!
You feel better.
The slime creature is severely wounded.
You block the slime creature's attack.
You puncture the slime creature!
You feel better.
The slime creature is severely wounded.
A slime creature comes into view.
You block the slime creature's attack.
You barely miss the slime creature.
The slime creature is severely wounded.
A slime creature comes into view.
The slime creature quivers.
You bludgeon the slime creature!!
You kill the slime creature!
The slime creature hits you.
Two slime creatures merge to form a large slime creature.
You hit the large slime creature.
The large slime creature is lightly wounded.
A large slime creature is nearby!
A large slime creature is nearby!
A large slime creature is nearby!
You impale the large slime creature!!
The large slime creature is moderately wounded.
You puncture the large slime creature!
The large slime creature is moderately wounded.
The large slime creature closely misses you.
You hammer the large slime creature like a gong!!!
You feel better.
The large slime creature is heavily wounded.
You sock the large slime creature!
The large slime creature is severely wounded.
You block the large slime creature's attack.
You completely miss the large slime creature.
The large slime creature is severely wounded.
A large slime creature splits.
You hit the slime creature.
The slime creature is severely wounded.
You pound the slime creature like an anvil!!!
You kill the slime creature!
The slime creature hits you but does no damage.
You sock the slime creature!
The slime creature is almost dead.
You block the slime creature's attack.
You hit the slime creature but do no damage.
The slime creature is almost dead.
You bludgeon the slime creature!!
You kill the slime creature!
No target in view!
You reach down and open the door.
There is an open door here.
You reach down and open the door.
There is an open door here.
A lindwurm comes into view.
The lindwurm roars!
A lindwurm is nearby!
A lindwurm is nearby!
The lindwurm breathes flames at you. The blast of flame hits you! You resist.
You impale the lindwurm!!
You feel better.
The lindwurm is moderately wounded.
The lindwurm breathes flames at you. The blast of flame hits you. You resist.
You thump the lindwurm!
The lindwurm is heavily wounded.
The lindwurm bites you but does no damage.
The lindwurm barely misses you. The lindwurm misses you.
You bludgeon the lindwurm!!
You feel better.
The lindwurm is almost dead.
You impale the lindwurm!!
You kill the lindwurm!
No target in view!
No target in view!
No target in view!
No target in view!
No target in view!
No target in view!
You see here a lindwurm corpse.
You reach down and open the door.
There is an open door here.
You now have 2119 gold pieces (gained 35).
You reach down and open the door.
There is an open door here.
You reach down and open the door.
Boris, Master of Life and Death comes into view.
He is wearing a +2 robe of resistance.
Boris shouts!
Found a dire flail.
Boris is nearby!
Boris is nearby!
Boris is nearby!
Boris hits you. Boris touches you but does no damage.
There is an open door here.
Press: ? - help, v - describe, . - travel
Here: Boris, wearing a +2 robe of resistance The floor.
Adjust (i)tems, (s)pells, or (a)bilities?
Huh?
Unknown command.
Press: ? - help, v - describe, . - travel
Here: Boris, wearing a +2 robe of resistance The floor.
Unknown command.
Unknown command.
Unknown command.
Unknown command.
Unknown command.
Unknown command.
Unknown command.
Okay, then.
Unknown command.
Unknown command.
Unknown command.
Unknown command.
You sock Boris!
Boris is lightly damaged.
Boris wildly gestures.
You feel troubled. Boris hits you! Boris touches you but does no damage.
You hit Boris but do no damage.
Boris is lightly damaged.
You puncture Boris!
Boris is lightly damaged.
Boris hits you but does no damage. Boris misses you.
You hit Boris but do no damage.
Boris is lightly damaged.
You block Boris's attack. x2
You barely miss Boris.
Boris is lightly damaged.
You puncture Boris!
Boris is moderately damaged.
You block Boris's attack. Boris touches you. You partially resist.
You feel drained.
You thump Boris!
Boris is moderately damaged.
Boris completely misses you. You block Boris's attack.
You hit Boris.
Boris is moderately damaged.
You block Boris's attack. Boris barely misses you.
You impale Boris!!
Boris is moderately damaged.
You barely miss Boris.
Boris is moderately damaged.
Boris says, "You can't imagine my power."
Boris casts a spell at you.
The iron shot reflects off an invisible shield around you!
The iron shot hits Boris!!!!
You closely miss Boris.
Boris is almost destroyed.
Boris casts a spell at you. The iron shot hits you!!!
You puncture Boris!
You destroy Boris!
Boris says, "I'll be back!"
Your life force feels restored.
h - 15 potions of curing (gained 2)
You see here a +2 robe of resistance.
j - a +2 robe of resistance You drop a +2 robe of resistance.
Key pressed, stopping explore.
You see here a +0 dire flail.
You now have 2147 gold pieces (gained 28).
You reach down and open the door.
Found a chain mail.
There is an open door here.
Found a whip.
A dire elephant comes into view.
The dire elephant trumpets!
You sock the dire elephant!
The dire elephant is lightly wounded.
The dire elephant tramples you but does no damage.
The dire elephant trunk-slaps you but does no damage.
You bludgeon the dire elephant!!
The dire elephant is moderately wounded.
You block the dire elephant's attack. The dire elephant closely misses you.
You sock the dire elephant!
The dire elephant is heavily wounded.
The dire elephant misses you.
The dire elephant trunk-slaps you but does no damage.
You hit the dire elephant but do no damage.
The dire elephant is heavily wounded.
You sock the dire elephant!
The dire elephant is heavily wounded.
The dire elephant tramples you.
You are shoved backwards!
You puncture the dire elephant!
The dire elephant is severely wounded.
You block the dire elephant's attack. x2
You hit the dire elephant.
You feel better.
The dire elephant is severely wounded.
You thump the dire elephant!
You feel better.
The dire elephant is severely wounded.
The dire elephant completely misses you.
The dire elephant trunk-slaps you.
You bludgeon the dire elephant!!
You feel better.
The dire elephant is almost dead.
You block the dire elephant's attack. The dire elephant closely misses you.
You puncture the dire elephant!
You kill the dire elephant!
No target in view!
No target in view!
No target in view!
No target in view!
No target in view!
No target in view!
Found a stone staircase leading down.
You reach down and open the door.
Found a stone staircase leading down.
There is an open door here.
There is an open door here.
There is an open door here.
You reach down and open the door.
There is an open door here.
There is an open door here.
There is an open door here.
Things that are here:
a +0 great mace; a +0 ring mail
There is an open door here.
Things that are here:
a +0 whip; 31 stones; a +0 animal skin
Things that are here:
a +0 whip; a +0 animal skin
Things that are here:
a +0 battleaxe; a +0 chain mail
Things that are here:
a +1 vampiric demon whip; a +0 animal skin
There is an open door here.
The harpy screeches!
A harpy is nearby!
A harpy is nearby!
A harpy is nearby!
A harpy is nearby!
The harpy closely misses you. The harpy claws you but does no damage.
There is a large open door here.
The harpy screeches!
The harpy claws you but does no damage. You block the harpy's attack.
The harpy screeches!
The harpy claws you. You block the harpy's attack.
You closely miss the harpy. The harpy barely misses you.
The harpy claws you but does no damage.
The harpy screeches!
The harpy completely misses you. The harpy claws you but does no damage.
There is a large open door here.
The harpy closely misses you. x2; The harpy misses you.
The harpy completely misses you.
You sock the harpy!
The harpy is moderately wounded.
You block the harpy's attack. The harpy claws you but does no damage.
You bludgeon the harpy!!
The harpy is almost dead.
The harpy claws you but does no damage. The harpy claws you.
You closely miss the harpy.
The harpy is almost dead.
You block the harpy's attack. The harpy claws you.
You hit the harpy.
You kill the harpy!
No target in view!
No target in view!
No target in view!
No target in view!
No target in view!
No target in view!
No target in view!
No target in view!
No target in view!
Done exploring.
Done exploring.
Done exploring.
Done exploring.
Done exploring.
(D) Dungeon (T) Temple (L) Lair (A) Shoals (P) Snake Pit (M) Slime Pits (O) Orcish Mines (E) Elven Halls (V) Vaults (C) Crypt (U) Depths
Where to? (Enter - Vaults:2, ? - help)
There is a fountain of blood here.
You see here a harpy corpse.
There is a large open door here.
There is a large open door here.
There is an open door here.
Things that are here:
a +1 vampiric demon whip; a +0 animal skin
There is an open door, spattered with blood here.
Things that are here:
a +0 robe; a +0 dagger
There is an open door, spattered with blood here.
There is an open door here.
There is a stone staircase leading down here.
You fly downwards.
Found an escape hatch in the floor.
There is a stone staircase leading up here.
Unknown command.
Done exploring.
Done exploring.
Done exploring.
You can't go up here!
(D) Dungeon (T) Temple (L) Lair (A) Shoals (P) Snake Pit (M) Slime Pits (O) Orcish Mines (E) Elven Halls (V) Vaults (C) Crypt (U) Depths
Where to? (Enter - Vaults:3, ? - help)
There is a stone staircase leading up here.
You fly upwards.
There is a stone staircase leading down here.
There is an open door here.
Things that are here:
a +0 ring mail; a +0 dire flail
There is an open door, spattered with blood here.
Items here: ( )) [.
There is an open door, spattered with blood here.
There is an open door here.
There is an open door here.
There is an open door here.
There is an open door here.
Key pressed, stopping travel.
You can't go down here!
Done exploring.
Done exploring.
(D) Dungeon (T) Temple (L) Lair (A) Shoals (P) Snake Pit (M) Slime Pits (O) Orcish Mines (E) Elven Halls (V) Vaults (C) Crypt (U) Depths
Where to? (Enter - Vaults:2 @ (x,y), ? - help)
There is an open door here.
You see here a +0 chain mail.
There is a stone staircase leading down here.
You fly downwards.
There is a stone staircase leading up here.
You reach down and open the door. 3 yaktaurs and a yaktaur captain come into view.
The yaktaur captain shouts!
The yaktaur shouts!
A yaktaur comes into view.
The yaktaur wields a +0 arbalest.
The yaktaur shoots a bolt.
The bolt hits you!!
Your body deteriorates!
You feel clumsy.
The yaktaur shouts!
There are monsters nearby!
There are monsters nearby!
There are monsters nearby!
The yaktaur captain wields a +0 arbalest.
The yaktaur captain shoots a bolt.
You reflect the bolt off an invisible shield around you!
The bolt hits the yaktaur captain!!!
The yaktaur wields a +0 arbalest.
The yaktaur shoots a bolt.
The bolt completely misses you.
The yaktaur shoots a bolt.
You reflect the bolt off an invisible shield around you!
The bolt barely misses the yaktaur.
Found 14 gold pieces.
There is an open door here.
The orc warlord shouts!
The orc knight shouts! x2; You hear a shout!
The yaktaur shoots a bolt.
The bolt closely misses you.
Found 25 gold pieces.
You stick the yaktaur captain like a pincushion!!!
You feel better.
You kill the yaktaur captain!
The yaktaur wields a +0 arbalest.
The yaktaur shoots a bolt.
The bolt barely misses you.
The yaktaur wields a +0 arbalest.
The yaktaur shoots a bolt.
The bolt is repelled.
The yaktaur unwields a +0 arbalest.
The yaktaur hits you.
The orc knight shouts!
You bludgeon the yaktaur!!
You feel better.
The yaktaur is severely wounded.
You hear a horrible gurgling sound!
You impale the yaktaur!!
You kill the yaktaur!
You puncture the yaktaur!
The yaktaur is moderately wounded.
The yaktaur unwields a +0 arbalest.
The yaktaur hits you but does no damage.
The yaktaur unwields a +0 arbalest.
You block the yaktaur's attack.
You barely miss the yaktaur.
The yaktaur is moderately wounded.
The yaktaur shoots a bolt.
You reflect the bolt off an invisible shield around you!
The bolt hits the yaktaur!!
You kill the yaktaur!
You impale the yaktaur!!
The yaktaur is heavily wounded.
The yaktaur hits you but does no damage.
The yaktaur shoots a bolt.
The bolt completely misses you.
You sock the yaktaur!
The yaktaur is severely wounded.
You block the yaktaur's attack.
You impale the yaktaur!!
You kill the yaktaur!
The yaktaur shoots a bolt.
You reflect the bolt off an invisible shield around you!
The bolt completely misses the yaktaur.
The yaktaur unwields a +0 arbalest.
You block the yaktaur's attack.
Things that are here:
a +0 arbalest; 25 bolts You pound the yaktaur like an anvil!!!
The yaktaur is almost dead.
The yaktaur hits you but does no damage.
You impale the yaktaur!!
You kill the yaktaur!
No reachable target in view!
No reachable target in view!
Things that are here:
a +0 arbalest; 23 bolts; a yaktaur corpse Something unseen opens the door.
A deep troll comes into view. 2 very ugly things come into view.
An ugly thing, a boggart, 2 deep trolls and an ironbound convoker come into view.
The deep troll shouts! x3; The boggart shouts!
The red ugly thing gurgles horribly!
The red very ugly thing gurgles horribly!
You hear a shout!
A boggart comes into view. x2
The deep troll moves out of view.
You hear a shout!
A red very ugly thing comes into view.
The boggart shouts! x2
The deep troll bites you but does no damage.
The deep troll completely misses you. The deep troll misses you.
You barely miss the deep troll.
The boggart mumbles some strange words.
You block the deep troll's attack.
The deep troll claws you but does no damage.
The deep troll claws you.
You hit the deep troll.
You feel better.
The deep troll is lightly wounded.
The red very ugly thing basks in the mutagenic energy from its kin and changes!
You puncture the red very ugly thing!
The red very ugly thing is lightly wounded.
An ironbound preserver comes into view. It is wielding a +0 morningstar.
You puncture the red very ugly thing!
You feel better.
The red very ugly thing is moderately wounded.
You hit the red very ugly thing.
The red very ugly thing is lightly wounded.
The boggart gestures wildly while chanting.
The boggart blinks!
You barely miss the red very ugly thing.
The red very ugly thing is lightly wounded.
You impale the red very ugly thing!!
The red very ugly thing is heavily wounded.
You hear a shout!
The red very ugly thing bites you but does no damage.
Throw: 49 javelins
Press: ? - help, Q - select action, (/) - cycle Shift-Dir - straight line, f - boggart
Aim: a boggart (66% to hit)
You throw a javelin.
The javelin closely misses the red very ugly thing.
The javelin pierces through the ironbound preserver.
The ironbound preserver is lightly wounded.
The javelin pierces through the boggart!!
You kill the boggart!
The javelin pierces through the boggart!
The boggart is severely wounded.
The red very ugly thing bites you!
You are covered in liquid flames.
You are covered in liquid flames!
Throw: 48 javelins
Press: ? - help, Q - select action, (/) - cycle Shift-Dir - straight line, f/p - boggart
Aim: a boggart (severely wounded, 66% to hit)
You throw a javelin.
The javelin pierces through the red very ugly thing.
The red very ugly thing is heavily wounded.
The javelin barely misses the ironbound preserver.
The javelin pierces through the deep troll!
The deep troll is lightly wounded.
The javelin barely misses the boggart.
You are covered in liquid flames!
The red very ugly thing basks in the mutagenic energy from its kin and changes!
The red very ugly thing bites you but does no damage.
Throw: 47 javelins
Press: ? - help, Q - select action, (/) - cycle Shift-Dir - straight line, f/p - boggart
Aim: a boggart (severely wounded, 66% to hit)
You throw a javelin.
The javelin closely misses the red very ugly thing.
The javelin barely misses the ironbound preserver.
The javelin closely misses the boggart.
You are covered in liquid flames!
The red very ugly thing bites you but does no damage.
The ironbound preserver casts a spell.
The ironbound preserver begins to accept its allies' injuries.
Throw: 46 javelins
Press: ? - help, Q - select action, (/) - cycle Shift-Dir - straight line, f - ironbound convoker
Aim: an ironbound convoker, wielding a +0 flail and wearing a +0 scale mail (sheltered from injuries, 74% to hit)
You throw a javelin.
The javelin closely misses the red very ugly thing.
The javelin pierces through the ironbound preserver!!
The ironbound preserver is moderately wounded.
The javelin barely misses the ironbound convoker.
You are covered in liquid flames!
The boggart casts a spell.
You block the red very ugly thing's attack.
Throw: 45 javelins
Press: ? - help, Q - select action, (/) - cycle Shift-Dir - straight line, f/p - ironbound convoker
Aim: an ironbound convoker, wielding a +0 flail and wearing a +0 scale mail (sheltered from injuries, 74% to hit)
You throw a javelin.
The javelin pierces through the red very ugly thing but does no damage.
The red very ugly thing is heavily wounded.
The javelin pierces through the ironbound preserver!
The ironbound preserver is moderately wounded.
The javelin pierces through the ironbound convoker!!
The ironbound convoker is moderately wounded.
You are covered in liquid flames!
The boggart casts a spell.
You block the red very ugly thing's attack.
The ironbound convoker casts a spell at the ironbound preserver.
The ironbound preserver seems to grow stronger.
Throw: 44 javelins
Press: ? - help, Q - select action, (/) - cycle Shift-Dir - straight line, f/p - ironbound convoker
Aim: an ironbound convoker, wielding a +0 flail and wearing a +0 scale mail (moderately wounded, sheltered from injuries, 74% to hit)
You throw a javelin.
The javelin pierces through the red very ugly thing!
The red very ugly thing is heavily wounded.
The javelin pierces through the ironbound preserver!!
The ironbound preserver is severely wounded.
The javelin pierces through the ironbound convoker!
The ironbound convoker is heavily wounded.
You are covered in liquid flames!
The red very ugly thing bites you!!
The brown very ugly thing basks in the mutagenic energy from its kin and changes!
Throw: 43 javelins
Press: ? - help, Q - select action, (/) - cycle Shift-Dir - straight line, f/p - ironbound convoker
Aim: an ironbound convoker, wielding a +0 flail and wearing a +0 scale mail (heavily wounded, sheltered from injuries, 74% to hit)
You throw a javelin.
The javelin pierces through the red very ugly thing!!
The red very ugly thing is heavily wounded.
The javelin pierces through the ironbound preserver!!
You kill the ironbound preserver!
The javelin barely misses the ironbound convoker.
An ironbound convoker comes into view.
It is wielding a +0 flail and wearing a +1 ring mail of fire resistance.
You block the red very ugly thing's attack.
The ironbound convoker gestures at the deep troll while chanting.
The deep troll seems to grow stronger.
Throw: 42 javelins
Press: ? - help, Q - select action, (/) - cycle Shift-Dir - straight line, f/p - ironbound convoker
Aim: an ironbound convoker, wielding a +0 flail and wearing a +0 scale mail (heavily wounded, 74% to hit)
You throw a javelin.
The javelin closely misses the red very ugly thing.
The javelin pierces through the ironbound convoker!
The ironbound convoker is moderately wounded.
The javelin pierces through the ironbound convoker!
The ironbound convoker is almost dead.
The red very ugly thing bites you!
You are covered in liquid flames.
You are covered in liquid flames!
The ironbound convoker gestures at the ironbound convoker while chanting.
The ironbound convoker seems to grow stronger.
Throw: 41 javelins
Press: ? - help, Q - select action, (/) - cycle Shift-Dir - straight line, f/p - ironbound convoker
Aim: an ironbound convoker, wielding a +0 flail and wearing a +0 scale mail (severely wounded, 74% to hit)
You throw a javelin.
The javelin pierces through the red very ugly thing!!
The red very ugly thing is almost dead.
The javelin pierces through the ironbound convoker!!
The ironbound convoker is severely wounded.
The javelin pierces through the ironbound convoker!!
You kill the ironbound convoker!
You are covered in liquid flames!
The red very ugly thing bites you but does no damage.
The ironbound preserver mumbles some strange words.
The ironbound preserver begins to accept its allies' injuries.
Throw: 40 javelins
Press: ? - help, Q - select action, (/) - cycle Shift-Dir - straight line, f - red very ugly thing
Aim: a red very ugly thing (almost dead, sheltered from injuries, 71% to hit)
You throw a javelin.
The javelin pierces through the red very ugly thing!!
The red very ugly thing is almost dead.
The javelin pierces through the red very ugly thing!
The red very ugly thing is lightly wounded.
The javelin pierces through the deep troll.
The deep troll is lightly wounded.
The javelin pierces through the yaktaur captain!!
The yaktaur captain is moderately wounded.
You are covered in liquid flames!
The red very ugly thing bites you!
Your body deteriorates!
You feel clumsy.
You are covered in liquid flames.
You are covered in liquid flames!
Throw: 39 javelins
Press: ? - help, Q - select action, (/) - cycle Shift-Dir - straight line, f - ironbound convoker, p - red very ugly thing
Aim: an ironbound convoker, wielding a +0 flail and wearing a +1 ring mail of fire resistance (severely wounded, strong, sheltered from injuries, 74% to hit)
You throw a javelin.
The javelin pierces through the red very ugly thing but does no damage.
The red very ugly thing is almost dead.
The javelin completely misses the ironbound convoker.
The javelin pierces through the ironbound preserver!!
The ironbound preserver is heavily wounded.
You are covered in liquid flames!
You block the red very ugly thing's attack.
Throw: 38 javelins
Press: ? - help, Q - select action, (/) - cycle Shift-Dir - straight line, f/p - ironbound convoker
Aim: an ironbound convoker, wielding a +0 flail and wearing a +1 ring mail of fire resistance (severely wounded, strong, sheltered from injuries, 74% to hit)
You throw a javelin.
The javelin pierces through the red very ugly thing!!
You kill the red very ugly thing!
The javelin pierces through the ironbound convoker!
The ironbound convoker is almost dead.
The javelin pierces through the ironbound preserver!!
The ironbound preserver is almost dead.
You kill the ironbound preserver!
The ironbound preserver's corpse dissolves into shadows!
You are covered in liquid flames!
Throw: 37 javelins
Press: ? - help, Q - select action, (/) - cycle Shift-Dir - straight line, f/p - ironbound convoker
Aim: an ironbound convoker, wielding a +0 flail and wearing a +1 ring mail of fire resistance (almost dead, strong, 74% to hit)
You throw a javelin.
The javelin closely misses the green very ugly thing.
The javelin pierces through the ironbound convoker.
The ironbound convoker is almost dead.
The javelin pierces through the red ugly thing!!
The red ugly thing is heavily wounded.
You are covered in liquid flames!
The green very ugly thing trunk-slaps you but does no damage.
Throw: 36 javelins
Press: ? - help, Q - select action, (/) - cycle Shift-Dir - straight line, f/p - ironbound convoker
Aim: an ironbound convoker, wielding a +0 flail and wearing a +1 ring mail of fire resistance (almost dead, strong, 74% to hit)
You throw a javelin.
The javelin pierces through the green very ugly thing!
The green very ugly thing is lightly wounded.
The javelin barely misses the ironbound convoker.
The javelin pierces through the red ugly thing!!
The red ugly thing is almost dead.
You are covered in liquid flames!
You block the green very ugly thing's attack.
Throw: 35 javelins
Press: ? - help, Q - select action, (/) - cycle Shift-Dir - straight line, f/p - ironbound convoker
Aim: an ironbound convoker, wielding a +0 flail and wearing a +1 ring mail of fire resistance (almost dead, strong, 74% to hit)
You throw a javelin.
The javelin pierces through the green very ugly thing.
The green very ugly thing is lightly wounded.
The javelin closely misses the ironbound convoker.
The javelin closely misses the red ugly thing.
You are covered in liquid flames!
The green very ugly thing trunk-slaps you!
* * * LOW HITPOINT WARNING * * *
You are lethally poisoned!
The green very ugly thing poisons you!
Throw: 34 javelins
Press: ? - help, Q - select action, (/) - cycle Shift-Dir - straight line, f/p - ironbound convoker
Aim: an ironbound convoker, wielding a +0 flail and wearing a +1 ring mail of fire resistance (almost dead, strong, 74% to hit)
You throw a javelin.
The javelin pierces through the green very ugly thing.
The green very ugly thing is lightly wounded.
The javelin pierces through the ironbound convoker!!
You kill the ironbound convoker!
The javelin pierces through the boggart!!!
You kill the boggart!
The deep troll dissolves into shadows!
You are covered in liquid flames!
* * * LOW HITPOINT WARNING * * *
Ouch! That really hurt!
You die...

#.. #.# #.# #.### .
#$#.## +#.( ####..##
)(... #.)....##)....#
#+######))....@uuTc.(+
#......'.)....##T....#
#......####..## g....
#......##o#.## +#..
#...<..##o### .
#......##o#
#......##.#
#########.. #..


You could see 2 very ugly things, a yaktaur captain (summoned), 2 deep trolls
and a boggart.

Vanquished Creatures
  Boris (Vaults:2)
  A tentacled monstrosity (Vaults:1)
  A kraken (Shoals:3)
  Gastronok (Lair:1)
  A fire giant (Vaults:1)
  A nagaraja (Snake:2)
  3 vault wardens (Vaults:2)
  2 orc warlords
  Aizul (Snake:1)
  A cacodemon (Vaults:1)
  8 ironbound preservers
  A very ugly thing (Vaults:3)
  A stone giant (Vaults:1)
  4 dire elephants (Vaults:2)
  3 merfolk javelineers
  7 merfolk impalers
  A salamander tyrant (Snake:2)
  A deep elf high priest (Vaults:1)
  A fire dragon (shapeshifter) (D:14)
  4 great orbs of eyes
  2 ettins
  A naga warrior (Snake:2)
  A fire dragon (D:14)
  Harold (D:6)
  9 yaktaur captains
  2 ironbound thunderhulks
  A catoblepas (D:13)
  3 anacondas
  An ogre mage (D:15)
  12 hydras
  A rakshasa (D:15)
  2 ironbound frosthearts (Vaults:1)
  3 boulder beetles
  2 alligator snapping turtles
  4 merfolk avatars
  8 centaur warriors
  4 merfolk aquamancers
  13 death yaks
  4 satyrs
  8 two-headed ogres
  7 naga sharpshooters
  7 shock serpents
  12 ironbound beastmasters
  Urug (Lair:4)
  6 orc high priests
  A salamander mystic (Snake:3)
  9 skeletal warriors
  10 sea snakes
  22 deep trolls
  8 wizards
  21 lindwurms
  11 ironbound convokers
  A naga ritualist (Snake:2)
  Pikel (D:7)
  A phantasmal warrior (D:13)
  11 harpies
  9 orc knights
  2 deep elf pyromancers (D:14)
  5 mana vipers
  A mana viper (shapeshifter) (D:15)
  15 ugly things
  12 manticores
  A sphinx skeleton (Vaults:2)
  15 fauns
  An orc sorcerer (Orc:2)
  16 elephants
  9 cyclopes
  9 salamanders
  14 merfolk sirens
  2 frost giant skeletons (Vaults:2)
  2 human skeletons (Vaults:2)
  35 black mambas
  8 naga magi
  A stone giant skeleton (Vaults:2)
  4 water nymphs
  A gargoyle (D:12)
  A torpor snail (Lair:4)
  5 vault sentinels
  9 cane toads
  An efreet (D:14)
  2 unseen horrors
  Psyche (D:10)
  5 rime drakes
  A freezing wraith (D:14)
  A tengu conjurer (D:15)
  15 komodo dragons
  28 yaktaurs
  A queen bee (D:9)
  4 polar bears
  A yaktaur skeleton (Vaults:2)
  7 wind drakes
  A meliai (shapeshifter) (Vaults:1)
  4 hornets
  23 merfolk
  4 trolls
  Prince Ribbit (Lair:2)
  19 blink frogs
  2 dream sheep (Shoals:2)
  19 slime creatures
  7 snapping turtles
  2 shadows
  9 water elementals
  2 ettin skeletons (Vaults:2)
  2 vampires (D:12)
  A wraith (D:11)
  42 yaks
  5 basilisks
  11 wyverns
  12 vampire mosquitoes
  Grum (Lair:1)
  7 wargs
  2 steam dragons
  28 nagas
  2 acid dragons (D:11)
  33 water moccasins
  A floating eye (shapeshifter) (Vaults:1)
  Duvessa (D:4)
  28 orc warriors
  A floating eye (Lair:1)
  2 hornet zombies
  2 black bears
  A sky beast (D:7)
  2 boggarts (Vaults:3)
  A necrophage (D:5)
  A swamp drake (D:7)
  2 ice beasts (D:6)
  7 ogres
  9 wolves
  10 centaurs
  2 phantoms
  Blork the orc (D:4)
  2 kobold brigands
  15 bullfrogs
  Dowan (D:4)
  2 wyvern zombies
  A water moccasin zombie (D:7)
  2 scorpions
  22 killer bees
  4 wights
  An electric eel (Lair:2)
  5 howler monkeys
  4 centaur zombies
  A gnoll shaman (D:5)
  3 jellies (D:6)
  A bullfrog zombie (D:5)
  3 bullfrog skeletons
  28 orc priests
  4 hounds
  5 centaur skeletons
  Jessica (D:2)
  16 iguanas
  10 orc wizards
  7 hell rats (Lair:4)
  2 worker ants
  2 howler monkey zombies
  4 gnolls
  9 adders
  2 white imps
  2 ufetubi (D:6)
  2 adder skeletons (D:4)
  4 worms
  6 dart slugs
  67 orcs
  8 ball pythons
  6 endoplasms
  2 giant cockroaches
  4 goblins
  8 hobgoblins
  7 jackals
  14 kobolds
  4 quokkas
  2 bats (D:2)
  21 frilled lizards
  6 rats
  2 tentacles (Shoals:3)
1131 creatures vanquished.

Vanquished Creatures (collateral kills)
  An orc wizard (Orc:1)
  2 orcs (Orc:1)
3 creatures vanquished.

Vanquished Creatures (others)
  A troll (Orc:1)
  2 orc warriors (Orc:1)
  A killer bee (D:9)
  An orc (Orc:2)
  46 fungi
  221 plants
  28 tentacles (Shoals:3)
300 creatures vanquished.

Grand Total: 1434 creatures vanquished

Notes
Turn   | Place    | Note
-------+----------+-------------------------------------------
     0 | D:1      | sleeves the Demigod Hunter began the quest for the Orb.
     0 | D:1      | Reached XP level 1. HP: 17/17 MP: 3/3
   248 | D:1      | HP: 6/17 [kobold/+0 whip (4)]
   251 | D:1      | Reached skill level 2 in Fighting
   960 | D:1      | Reached XP level 2. HP: 15/24 MP: 4/4
  1153 | D:1      | Reached skill level 4 in Throwing
  1156 | D:1      | Reached skill level 1 in Maces & Flails
  1688 | D:1      | HP: 10/24 [worm (10)]
  1922 | D:1      | Reached XP level 3. HP: 18/29 MP: 5/5
  2324 | D:2      | Reached skill level 2 in Maces & Flails
  2324 | D:2      | Noticed a phantom
  3202 | D:2      | Noticed Jessica
  3206 | D:2      | Killed Jessica
  3207 | D:2      | Reached skill level 3 in Maces & Flails
  3207 | D:2      | Reached XP level 4. HP: 36/36 MP: 6/6
  3572 | D:3      | Found Biloeps's Distillery.
  3580 | D:3      | Bought a potion of heal wounds for 60 gold pieces
  3580 | D:3      | Bought a potion of curing for 36 gold pieces
  3911 | D:3      | Noticed an ice beast
  4495 | D:3      | HP: 17/36 [poisoned by an adder]
  5097 | D:4      | Noticed Duvessa
  5127 | D:4      | HP: 18/36 [Duvessa/+0 short sword (11)]
  5127 | D:4      | Noticed Dowan
  5242 | D:4      | Reached skill level 4 in Maces & Flails
  5242 | D:4      | Reached XP level 5. HP: 41/41 MP: 7/7
  5315 | D:4      | Noticed Blork the orc
  5329 | D:4      | Killed Blork the orc
  5389 | D:4      | Reached skill level 5 in Maces & Flails
  5516 | D:4      | HP: 19/41 [Duvessa/+0 short sword (11)]
  5518 | D:4      | Killed Duvessa
  5519 | D:4      | Reached XP level 6. HP: 25/48 MP: 8/8
  5521 | D:4      | Killed Dowan
  5675 | D:4      | Reached skill level 6 in Maces & Flails
  5978 | D:5      | Entered Level 5 of the Dungeon
  5996 | D:5      | Found a staircase to the Ecumenical Temple.
  6001 | D:5      | HP: 21/48 [iguana (9)]
  6027 | D:5      | HP: 19/48 [iguana (12)]
  6030 | D:5      | Reached XP level 7. HP: 25/55 MP: 9/9
  6353 | D:5      | Reached skill level 7 in Maces & Flails
  6716 | D:5      | Identified the +1 ring mail of the True Pharaoh {Harm
                  | rElec}
  6860 | D:5      | Reached skill level 8 in Maces & Flails
  6906 | D:5      | Reached skill level 2 in Dodging
  6912 | D:5      | Reached skill level 1 in Armour
  6948 | D:5      | Reached XP level 8. HP: 56/62 MP: 10/10
  7012 | D:5      | Reached skill level 3 in Fighting
  7051 | D:5      | Reached skill level 2 in Armour
  7183 | D:6      | Reached skill level 5 in Throwing
  7188 | D:6      | Reached skill level 3 in Armour
  7191 | D:6      | Reached skill level 4 in Fighting
  7553 | D:6      | HP: 33/66 [ogre/+0 giant club (16)]
  7589 | D:6      | Reached XP level 9. HP: 72/72 MP: 11/11
  7639 | D:6      | Reached skill level 9 in Maces & Flails
  7936 | D:6      | Reached skill level 4 in Armour
  8068 | D:7      | HP: 34/73 [water moccasin (7)]
  8153 | D:7      | Reached skill level 5 in Fighting
  8153 | D:7      | Reached skill level 6 in Throwing
  8211 | D:7      | Noticed Pikel
  8223 | D:7      | Killed Pikel
  8447 | D:7      | Noticed Harold
  8463 | D:7      | HP: 36/74 [Harold/harpoon shot (12)]
  8469 | D:7      | HP: 25/74 [Harold/+0 flail (18)]
  8493 | D:6      | HP: 23/74 [Harold/+0 flail (24)]
  8499 | D:6      | Killed Harold
  8500 | D:6      | Reached skill level 5 in Armour
  8502 | D:6      | HP: 31/75 [acid (1)]
  8794 | D:7      | Reached XP level 10. HP: 72/83 MP: 13/13
  8833 | D:7      | HP: 41/83 [centaur (1)]
  9057 | D:7      | Reached skill level 6 in Fighting
  9188 | D:7      | Reached skill level 7 in Throwing
  9562 | D:8      | Learned a level 2 spell: Blink
  9599 | D:8      | Reached skill level 10 in Maces & Flails
  9784 | D:8      | HP: 32/84 [wyvern (14)]
  9787 | D:8      | HP: 14/84 [wyvern (12)]
  9794 | D:8      | Reached skill level 6 in Armour
  9935 | D:8      | Found a runed translucent gate.
  9935 | D:8      | Found a runed translucent gate.
  9935 | D:8      | Found a runed translucent gate.
  9935 | D:8      | Noticed HendSelp's ghost (novice DDFi)
 10428 | D:9      | HP: 38/84 [killer bee (7)]
 10444 | D:9      | HP: 35/84 [poisoned by a killer bee]
 10444 | D:9      | HP: 16/84 [killer bee (10)]
 10626 | D:9      | Noticed a two-headed ogre
 10668 | D:9      | HP: 37/84 [two-headed ogre/+0 giant club (23)]
 10677 | D:9      | Killed a two-headed ogre
 10679 | D:9      | HP: 33/84 [bullfrog (3)]
 10961 | D:9      | Reached skill level 7 in Fighting
 10971 | D:9      | Reached skill level 3 in Dodging
 11212 | D:9      | Identified 2 scrolls of acquirement
 11216 | D:9      | Acquired 1093 gold pieces
 11218 | D:9      | Acquired 531 gold pieces
 11230 | D:10     | Entered Level 10 of the Dungeon
 11430 | D:10     | Noticed Psyche
 11436 | D:10     | Killed Psyche
 11437 | D:10     | Reached XP level 11. HP: 92/92 MP: 14/14
 11722 | D:10     | Found a staircase to the Lair.
 11815 | D:10     | Reached skill level 8 in Throwing
 11954 | D:11     | Found Remo's Magic Scroll Shop.
 11980 | D:11     | Bought a scroll of blinking for 90 gold pieces
 11995 | D:11     | Found Ozemibi's Magic Scroll Shoppe.
 12013 | D:11     | Bought a scroll of acquirement for 728 gold pieces
 12013 | D:11     | Acquired the ring "Deaxiav" {*Contam rElec rN+ Dex+6}
 12061 | D:11     | Found Wetucem's Jewellery Emporium.
 12063 | D:11     | Found Xaly's Distillery.
 12090 | D:11     | Found Cistefas's Assorted Antiques.
 12168 | D:11     | Noticed a two-headed ogre
 12201 | D:11     | Killed a two-headed ogre
 12202 | D:11     | Reached skill level 7 in Armour
 12234 | D:11     | Reached skill level 4 in Dodging
 13174 | D:12     | Noticed a death yak
 13243 | D:12     | Killed a death yak
 13282 | D:12     | Noticed a death yak
 13283 | D:12     | Noticed a death yak
 13304 | D:12     | Noticed a death yak
 13361 | D:12     | Killed a death yak
 13413 | D:12     | Killed a death yak
 13414 | D:12     | Reached skill level 8 in Fighting
 13475 | D:12     | Killed a death yak
 13476 | D:12     | Reached skill level 11 in Maces & Flails
 13495 | D:12     | Reached skill level 5 in Dodging
 13892 | D:12     | Reached skill level 9 in Throwing
 13980 | D:12     | Found a staircase to the Orcish Mines.
 14269 | Lair:1   | Entered Level 1 of the Lair of Beasts
 14297 | Lair:1   | Noticed a six-headed hydra
 14343 | Lair:1   | Killed a six-headed hydra
 14344 | Lair:1   | Reached skill level 8 in Armour
 14344 | Lair:1   | Reached XP level 12. HP: 65/103 MP: 15/15
 14383 | Lair:1   | Noticed a seven-headed hydra
 14395 | Lair:1   | Killed a seven-headed hydra
 14436 | Lair:1   | Noticed Grum
 14465 | Lair:1   | Killed Grum
 14556 | Lair:1   | Noticed Prince Ribbit
 14583 | Lair:1   | Paralysed by a floating eye for 2 turns
 14728 | Lair:1   | Noticed Gastronok
 14745 | Lair:1   | HP: 46/103 [Gastronok (26)]
 14747 | Lair:1   | Killed Gastronok
 14748 | Lair:1   | Reached skill level 6 in Dodging
 15196 | Lair:1   | Paralysed by a floating eye for 4 turns
 15432 | Lair:2   | Killed Prince Ribbit
 15453 | Lair:2   | Reached skill level 9 in Fighting
 15469 | Lair:2   | Acquired a manual of Air Magic
 15661 | Lair:2   | Reached skill level 1 in Shields
 15969 | Lair:2   | HP: 51/104 [komodo dragon (17)]
 16226 | Lair:2   | HP: 48/104 [komodo dragon (19)]
 16544 | Lair:3   | Noticed a seven-headed hydra
 16561 | Lair:3   | Noticed a seven-headed hydra
 16572 | Lair:2   | Killed a seven-headed hydra
 16617 | Lair:3   | Reached skill level 2 in Shields
 16627 | Lair:3   | Killed a seven-headed hydra
 16746 | Lair:3   | Reached skill level 9 in Armour
 16805 | Lair:3   | Reached skill level 10 in Throwing
 16908 | Lair:3   | Reached XP level 13. HP: 111/111 MP: 16/16
 16950 | Lair:3   | Reached skill level 7 in Dodging
 17045 | Lair:3   | Reached skill level 3 in Shields
 17373 | Lair:3   | Found a staircase to the Snake Pit.
 17535 | Lair:3   | Found a staircase to the Shoals.
 17668 | Lair:4   | Noticed Urug
 17788 | Lair:4   | Killed Urug
 17789 | Lair:4   | Reached skill level 12 in Maces & Flails
 18291 | Lair:4   | Reached skill level 4 in Shields
 18590 | Lair:4   | Reached skill level 10 in Fighting
 18850 | Lair:4   | Noticed Sonja
 18851 | Lair:4   | Noticed Sonja
 18851 | Lair:4   | Sonja changed into Sonja the blink frog
 18853 | Lair:4   | Killed Sonja the blink frog
 19556 | Lair:5   | Reached skill level 8 in Dodging
 19935 | Lair:5   | Reached skill level 10 in Armour
 20226 | Lair:6   | Entered Level 6 of the Lair of Beasts
 20250 | Lair:5   | HP: 51/114 [poisoned by a water moccasin]
 20401 | Lair:6   | Reached XP level 14. HP: 83/122 MP: 17/17
 20401 | Lair:6   | Acquired 931 gold pieces
 20527 | Lair:6   | Found a staircase to the Slime Pits.
 20622 | Lair:6   | Reached skill level 9 in Dodging
 20646 | Lair:6   | Reached skill level 11 in Fighting
 20664 | Lair:6   | Reached skill level 13 in Maces & Flails
 20848 | Lair:6   | HP: 58/124 [komodo dragon (14)]
 21692 | Orc:1    | Entered Level 1 of the Orcish Mines
 21867 | Orc:2    | Entered Level 2 of the Orcish Mines
 21891 | Orc:1    | Noticed an orc warlord
 22010 | Orc:2    | Reached skill level 11 in Armour
 22184 | Orc:2    | Found a staircase to the Elven Halls.
 22260 | Orc:2    | HP: 62/124 [sun demon[an orc high priest] (17)]
 22265 | Orc:2    | HP: 39/124 [smoke demon/divine providence[an orc high
                  | priest] (10)]
 22270 | Orc:2    | HP: 27/124 [sun demon[an orc high priest] (6)]
 22270 | Orc:2    | HP: 8/124 [soul eater/drain life[an orc high priest] (8)]
 22274 | Orc:1    | Found Xeasain's Mass Market.
 22287 | Orc:1    | HP: 20/124 [warg (10)]
 22307 | Orc:1    | HP: 49/124 [orc warrior/+2 vorpal hand axe[an orc warlord]
                  | (2)]
 22405 | Orc:1    | Killed an orc warlord
 22502 | Orc:1    | You fall into a shaft and drop 1 floor!
 22502 | Orc:2    | Found Loysaat's Armour Emporium.
 23104 | Orc:1    | HP: 58/124 [orc knight/+0 great sword (16)]
 23397 | Orc:2    | HP: 57/124 [sun demon[an orc high priest] (12)]
 23697 | Orc:2    | Reached skill level 10 in Dodging
 23737 | Orc:2    | Found Haxzubek's Distillery.
 23740 | Orc:2    | Found Ryosez's Armour Emporium.
 23743 | Orc:2    | Found Ywkun's General Store.
 23744 | Orc:2    | Found Suorchei's Antique Weapon Emporium.
 23748 | Orc:2    | Bought a scroll of blinking for 112 gold pieces
 23752 | Orc:2    | Bought a potion of resistance for 140 gold pieces
 23752 | Orc:2    | Bought a potion of might for 56 gold pieces
 23760 | Orc:2    | Bought a +1 chain mail of poison resistance for 216 gold
                  | pieces
 23921 | Orc:2    | Bought a +2 pair of boots for 214 gold pieces
 24099 | D:11     | Bought a scroll of enchant weapon for 90 gold pieces
 25221 | D:14     | HP: 39/125 [fire dragon/blast of flame (33)]
 25229 | D:14     | Reached XP level 15. HP: 85/132 MP: 18/18
 25415 | D:13     | HP: 58/132 [phantasmal warrior (20)]
 26037 | D:14     | Found a gate to the Vaults.
 26046 | D:14     | HP: 66/132 [fire dragon (glowing shapeshifter)/blast of
                  | flame (25)]
 26050 | D:14     | Reached skill level 12 in Fighting
 26280 | D:15     | Entered Level 15 of the Dungeon
 26456 | D:15     | Found a staircase to the Depths.
 26569 | D:15     | HP: 65/132 [red ugly thing (12)]
 26576 | D:15     | HP: 53/132 [red ugly thing (9)]
 26584 | D:15     | HP: 29/132 [centaur warrior/arrow (13)]
 26723 | D:15     | Reached skill level 14 in Maces & Flails
 26826 | D:15     | Reached skill level 12 in Armour
 27193 | Snake:1  | Entered Level 1 of the Snake Pit
 27221 | Snake:1  | Reached skill level 11 in Dodging
 27478 | Snake:1  | Noticed Aizul
 27490 | Snake:1  | HP: 65/132 [Aizul/poison arrow (19)]
 27495 | Snake:1  | HP: 58/132 [poisoned by Aizul (poison arrow)]
 27668 | Snake:1  | Killed Aizul
 27830 | Snake:1  | Found Mushicku's Antique Armour Shop.
 27840 | Snake:1  | Found Robofias's Antique Weapon Boutique.
 27866 | Snake:1  | Bought a pair of embroidered gloves for 217 gold pieces
 28554 | Snake:2  | Noticed a nagaraja
 28563 | Snake:2  | Killed a nagaraja
 28824 | Snake:2  | Reached skill level 12 in Dodging
 28979 | Snake:2  | Reached skill level 15 in Maces & Flails
 29588 | Snake:3  | Reached XP level 16. HP: 139/139 MP: 19/19
 30229 | Snake:4  | Entered Level 4 of the Snake Pit
 30253 | Snake:4  | Noticed Agnes
 30396 | Shoals:1 | Entered Level 1 of the Shoals
 30501 | Shoals:1 | Found Puagur's Practical Paraphernalia.
 30504 | Shoals:1 | Found Duco's Distillery.
 30536 | Shoals:1 | Reached skill level 16 in Maces & Flails
 30620 | Shoals:1 | HP: 66/139 [drowned by a water nymph (13)]
 30626 | Shoals:1 | HP: 58/139 [drowned by a water nymph (8)]
 30644 | Shoals:1 | Reached skill level 1 in Air Magic
 30655 | Shoals:1 | Reached skill level 1 in Translocations
 30875 | Shoals:1 | Reached skill level 1 in Spellcasting
 30881 | Shoals:1 | Reached skill level 2 in Air Magic
 31076 | Shoals:2 | Found Koulasad's Antique Armour Emporium.
 31176 | Shoals:2 | Bought an ichor-stained helmet for 332 gold pieces
 31176 | Shoals:2 | Identified the +2 helmet of Abstinence {-Cast Harm rF+
                  | rC+++} (You bought it in a shop on level 2 of the Shoals)
 31176 | Shoals:2 | Bought a faintly humming chain mail for 332 gold pieces
 31176 | Shoals:2 | Identified the +4 chain mail "Zoso" {-Tele Int+10 Dex+3}
                  | (You bought it in a shop on level 2 of the Shoals)
 31176 | Shoals:2 | Bought a pair of runed boots for 262 gold pieces
 31252 | Shoals:2 | Found Xaisy's Antique Armour Emporium.
 31271 | Shoals:2 | Reached skill level 3 in Air Magic
 31280 | Shoals:2 | Reached skill level 2 in Translocations
 31309 | Shoals:2 | Identified the +8 glaive of a ziggurat {flame, +Rage Str-3
                  | SInv}
 31361 | Shoals:2 | Found a runed translucent door.
 31362 | Shoals:2 | Noticed xzight's ghost (adept MiBe)
 31367 | Shoals:2 | Reached skill level 2 in Spellcasting
 31554 | Shoals:2 | Reached skill level 5 in Shields
 31569 | Shoals:2 | Reached skill level 4 in Air Magic
 31892 | Shoals:2 | Reached skill level 3 in Translocations
 32134 | Shoals:3 | HP: 69/139 [merfolk/+0 trident (18)]
 32227 | Shoals:3 | Reached skill level 3 in Spellcasting
 32309 | Shoals:3 | Reached skill level 5 in Air Magic
 32408 | Shoals:3 | Noticed a kraken
 32418 | Shoals:3 | HP: 63/139 [tentacle[a kraken] (14)]
 32826 | Shoals:3 | HP: 62/139 [tentacle[a kraken] (13)]
 32851 | Shoals:3 | HP: 46/139 [kraken (37)]
 32854 | Shoals:3 | Killed a kraken
 32855 | Shoals:3 | Reached skill level 4 in Translocations
 32855 | Shoals:3 | Reached skill level 6 in Air Magic
 32912 | Shoals:3 | Learned a level 1 spell: Apportation
 33166 | Shoals:3 | Reached skill level 6 in Shields
 33220 | Shoals:4 | Entered Level 4 of the Shoals
 33237 | Shoals:4 | Identified the amulet of Iniel {RegenMP Dex+2}
 33322 | Shoals:4 | Reached skill level 4 in Spellcasting
 33538 | Shoals:3 | HP: 66/139 [merfolk impaler/+0 trident (14)]
 33617 | Shoals:4 | HP: 64/139 [merfolk impaler/+0 demon trident (16)]
 33623 | Shoals:4 | HP: 35/139 [merfolk impaler/+0 demon trident (21)]
 33747 | Shoals:4 | Reached skill level 7 in Air Magic
 33935 | Shoals:4 | HP: 64/139 [faun/stone (17)]
 33943 | Shoals:4 | HP: 36/139 [faun/stone (13)]
 33954 | Shoals:4 | Reached skill level 5 in Translocations
 34174 | Shoals:4 | Reached XP level 17. HP: 146/146 MP: 28/28
 34398 | Shoals:4 | Got a barnacled rune of Zot
 34412 | Shoals:4 | Found Colaeddea's Antique Armour Emporium.
 34420 | Shoals:4 | Bought a distressingly furry scale mail for 333 gold pieces
 34420 | Shoals:4 | Identified the +0 scale mail of Fallacy {rPois rC+++ rCorr
                  | Int-5} (You bought it in a shop on level 4 of the Shoals)
 34859 | D:14     | Learned a level 4 spell: Passage of Golubria
 34861 | Vaults:1 | Entered Level 1 of the Vaults
 34895 | Vaults:1 | Reached skill level 7 in Shields
 34901 | Vaults:1 | Reached skill level 5 in Spellcasting
 34938 | Vaults:1 | Reached skill level 8 in Air Magic
 35048 | Vaults:1 | Paralysed by a great orb of eyes for 7 turns
 35055 | Vaults:1 | HP: 58/146 [ironbound beastmaster/+0 quarterstaff (27)]
 35113 | D:14     | Reached skill level 6 in Translocations
 35137 | Vaults:1 | Cast into level 3 of the Abyss (a wizard)
 35145 | Vaults:1 | Escaped the Abyss
 35249 | D:11     | Bought a ring of willpower for 375 gold pieces
 35501 | Vaults:1 | Found Uramm's Book Shop.
 35608 | Vaults:1 | Reached skill level 8 in Shields
 35791 | Vaults:1 | Reached skill level 7 in Translocations
 35856 | Vaults:1 | HP: 61/146 [poisoned by a sea snake]
 35861 | Vaults:1 | HP: 70/146 [poisoned by a sea snake]
 35874 | Vaults:1 | Acquired the amulet "Meuzesm" {Reflect rF+ SH+5 Stlth+}
 36054 | Vaults:1 | Found a runed translucent gate.
 36054 | Vaults:1 | Found a runed translucent gate.
 36054 | Vaults:1 | Found a runed translucent gate.
 36054 | Vaults:1 | Noticed a tentacled monstrosity
 36074 | Vaults:1 | Noticed a tentacled monstrosity
 36080 | Vaults:1 | HP: 56/146 [yaktaur captain/bolt (26)]
 36097 | Vaults:1 | HP: 26/146 [centaur warrior/arrow (12)]
 36121 | Vaults:1 | Gained mutation: You expend magic power (3 MP) to
                  | strengthen your wands. [a cacodemon]
 36664 | Vaults:1 | Reached skill level 9 in Shields
 36913 | Vaults:1 | Reached skill level 8 in Translocations
 37232 | Vaults:1 | Gained mutation: Your body sometimes deteriorates upon
                  | taking damage. [a cacodemon]
 37246 | Vaults:1 | Gained mutation: Your flesh is heat resistant. (rF+) [a
                  | cacodemon]
 37463 | Vaults:2 | HP: 69/146 [orc knight/+2 long sword (30)]
 37471 | Vaults:1 | HP: 67/146 [orc warlord/+0 battleaxe (16)]
 37479 | Vaults:1 | HP: 51/146 [orc knight/+2 long sword (24)]
 37508 | Vaults:1 | HP: 55/146 [orc knight/+2 long sword (30)]
 37518 | Vaults:1 | HP: 52/146 [orc knight/+2 long sword (7)]
 37822 | Vaults:1 | Reached skill level 9 in Translocations
 37864 | Vaults:1 | Killed a tentacled monstrosity
 37865 | Vaults:1 | Reached skill level 10 in Shields
 38388 | Vaults:2 | HP: 55/146 [stone giant skeleton (25)]
 39047 | Vaults:2 | Reached XP level 18. HP: 154/154 MP: 30/30
 39307 | Vaults:2 | HP: 64/154 [skeletal warrior/+0 mace (19)]
 39692 | Vaults:2 | Reached skill level 10 in Translocations
 39723 | Vaults:2 | Found a staircase to the Crypt.
 39908 | Vaults:2 | Reached skill level 11 in Shields
 40339 | Vaults:2 | HP: 76/154 [lindwurm/blast of flame[an ironbound
                  | beastmaster] (13)]
 40361 | Vaults:2 | HP: 76/154 [lindwurm[an ironbound beastmaster] (6)]
 40399 | Vaults:2 | Reached skill level 12 in Shields
 40638 | Vaults:2 | HP: 64/154 [deep troll[an ironbound preserver] (17)]
 41236 | Vaults:2 | Reached skill level 13 in Shields
 41365 | Vaults:2 | Noticed Boris
 41378 | Vaults:2 | Killed Boris
 41924 | Vaults:3 | HP: 71/154 [green very ugly thing (13)]
 41925 | Vaults:3 | Succumbed to a green very ugly thing's poison

Illustrated notes

Levels and vault maps discovered:
D:1:      onia_arrival_mini_maze_b, layout_loops_corners, serial_forest,
          infiniplex_forest_split, infiniplex_forest_end_3,
          infiniplex_forest_clump_curved, infiniplex_forest_end_3,
          infiniplex_forest_lined_ring, infiniplex_forest_lined_corner
D:2:      layout_loops_ring, wad_woods_river_04, okawaru_ov_weapons_minmay,
          uniq_jessica
D:3:      layout_basic, serial_shops, nicolae_shop_stone, serial_corexii_hall,
          chequers_hall_statues_corner_a, chequers_hall_statues_y
D:4:      minmay_chambers_of_threes, layout_basic, uniq_blork_the_orc,
          uniq_duvessa
D:5:      cheibrodos_barr_body, layout_basic,
          grunt_temple_overflow_forces_of_nature, minitemple,
          minmay_temple_entry_statues, hangedman_decor_growths
D:6:      layout_loops_cross, kennysheep_generic_room_11
D:7:      minmay_s_stair_smasher, layout_cave_pools, uniq_pikel, uniq_harold
D:8:      layout_basic, nicolae_yredelemnul_ghost_church, basic_altar,
          kennysheep_generic_room_15
D:9:      layout_basic, minivault_7
D:10:     layout_irregular_city, lair_entry_dummy, uniq_psyche
D:11:     layout_long_grid, basic_altar, serial_shops, nicolae_shop_stone, shop,
          shop, shop, nicolae_shop_trees, minivault_26
D:12:     argonaut_augean_stables, layout_basic, orc_0_dummy, basic_altar,
          minmay_misc_feat_doors, small_statue_alley_a,
          nicolae_ru_the_path_less_chosen
D:13:     layout_stronghold, basic_altar
D:14:     layout_basic, david_vaults_4
D:15:     hangedman_depths_entry_try_elsewhere_first, layout_rooms
Lair:1:   layout_regular_city, chequers_serial_rivers_room_a, disabler_island,
          grunt_megastairs_2, uniq_grum, uniq_prince_ribbit2, uniq_gastronok
Lair:2:   lemuel_reptile_caves, layout_loops_ring, infiniplex_staircase_pool
Lair:3:   layout_hall_layers, elwin_shoals_entry_rooms,
          minmay_snake_entry_guardpost_small, st_stairs_10,
          infiniplex_staircase_pool_2, grunt_megastairs_3
Lair:4:   layout_layer_cave, nicolae_quartered_pool_super, lemuel_fruit_fields,
          uniq_sonja, uniq_urug
Lair:5:   layout_roguey, grunt_megastairs_1
Lair:6:   gammafunk_lair_ancient_temple, layout_misc_corridors, slime_dummy,
          serial_bayou_shore_b, grunt_megastairs_5
Shoals:1: layout_shoals, serial_shops, shop, nicolae_alphabet_shops
Shoals:2: cheibrodos_shoals_roost, layout_shoals, ebering_ghost_inner_flame,
          serial_shops, shop, nicolae_shop_stone
Shoals:3: layout_shoals
Shoals:4: shoals_end_grunt_garden, layout_shoals, serial_shops, shop
Snake:1:  layout_onion_interference, library_closet, nicolae_snake_squiggles,
          nicolae_coiled_stairwell_down, minmay_shoptagon, uniq_aizul
Snake:2:  layout_chambers, hangedman_snake_corridor_cut
Snake:3:  layout_basic, nicolae_snake_linked_coils, lemuel_fruit_tree,
          serial_bayou_shore_b
Snake:4:  grunt_snake_rune_pools, layout_basic, grunt_ministairs_12,
          serial_bayou_shore_a, uniq_agnes
Orc:1:    layout_caves, minmay_shop_mass
Orc:2:    st_orc_pillars, layout_diamond_mine, special_room, serial_shops,
          nicolae_shop_trees, bh_open_orc_temple
Vaults:1: ploomutoo_gammafunk_vaults_ghost_potion_laboratory, vaults_mumra_hex,
          v_alt_pattern_1, ontoclasm_vaults_spin, dpeg_vaults_monster_box,
          nicolae_vaults_little_squares_5, ontoclasm_vaults_hangar,
          vaults_room_fancy_cross, vaults_dpeg_doors, v_misc_5,
          vaults_room_door_hall, v_pattern_2, grunt_vaults_bifocal,
          vaults_room_hangedman_quadrants, layout_vaults_ring, serial_shops,
          shop
Vaults:2: ontoclasm_vaults_fire_temple, v_pattern_5, grunt_vaults_swirl,
          v_misc_2, vaults_standard_mumra_lines,
          ontoclasm_vaults_claustrophobia, ontoclasm_vaults_chip,
          nicolae_vaults_what_the_h, v_alt_pattern_4,
          minmay_crypt_entry_skeletal_spiral, ontoclasm_vaults_gateway,
          grunt_vaults_hallway_short, grunt_vaults_hallway_long,
          layout_vaults_omnibox, uniq_boris
Vaults:3: gammafunk_vaults_ghost_crypt, nicolae_vaults_bisected_slash,
          v_pattern_3, ontoclasm_vaults_decontamination, nicolae_vaults_arrows,
          v_misc_18, v_misc_11, vaults_mumra_minichess_inversion,
          nicolae_vaults_mini_display_case, st_more_cells,
          vaults_room_stairs_pillars, grunt_vaults_hallway_long,
          vaults_dpeg_ring, layout_vaults_chaotic_city, serial_shops,
          nicolae_shop_waterfront, nicolae_trove_entry_free_sample

Skill      XL: |  1  2  3  4  5  6  7  8  9 10 11 12 13 14 15 16 17 18 |
---------------+-------------------------------------------------------+-----
Fighting       | 2 4 5 7 8 9 10 11 12 | 12.0
Throwing       | 4 5 6 7 9 10 | 10.0
Maces & Flails | 1 3 4 5 6 8 9 10 11 12 13 15 16 | 16.0
Dodging        | 2 3 5 6 8 10 12 | 12.0
Armour         | 1 3 5 6 8 9 10 11 12 | 12.0
Shields        | 2 4 6 10 13 | 13.8
Air Magic      | 7 8 |  8.0
Translocations | 5 9 10 | 10.0
Spellcasting   | 4 5 |  5.0
Stealth        | |  0.8

Action                   |  1- 3 |  4- 6 |  7- 9 | 10-12 | 13-15 | 16-18 || total
-------------------------+-------+-------+-------+-------+-------+-------++-------
Melee: Whip              |    12 |       |    13 |   348 |       |       ||   373
       Short sword       |    89 |   114 |     9 |       |       |       ||   212
       Spear             |     6 |       |       |       |       |       ||     6
       Dire flail        |       |    31 |   220 |   677 |    53 |       ||   981
       Dagger            |       |       |    25 |       |       |       ||    25
       Eveningstar       |       |       |       |       |  1483 |  1568 ||  3051
Throw: Javelin           |     4 |       |     6 |     9 |       |    44 ||    63
       Stone             |    44 |    15 |       |       |       |       ||    59
       Dart              |     3 |    14 |     7 |    10 |     2 |     1 ||    37
       Boomerang         |       |     6 |    10 |    47 |   334 |   360 ||   757
       Throwing net      |       |       |     1 |       |       |       ||     1
Evoke: Wand              |       |       |     4 |     1 |    11 |     1 ||    17
  Use: Scroll            |       |       |     5 |    12 |    18 |    15 ||    50
       Potion            |       |       |       |     1 |     2 |     1 ||     4
 Stab: Sleeping          |     2 |     2 |       |       |       |       ||     4
       Confused          |       |       |     1 |       |       |       ||     1
       Distracted        |       |       |       |     1 |       |       ||     1
Armor: Leather armour    |    27 |    11 |       |       |       |       ||    38
       Ring mail         |       |    15 |    90 |       |       |       ||   105
       Scale mail        |       |       |     1 |    21 |       |       ||    22
       Chain mail        |       |       |       |   229 |   119 |   432 ||   780
       Plate armour      |       |       |       |   241 |   699 |       ||   940
Dodge: Dodged            |    58 |    79 |   154 |   424 |  1122 |   977 ||  2814
       Repelled          |       |       |       |       |    15 |    23 ||    38
Block: Buckler           |       |       |       |       |   356 |   613 ||   969
       Reflection        |       |       |       |       |       |    46 ||    46

Table legend: (Time is in decaauts)
 A = Elapsed time spent in this place.
 B = Non-inter-level travel time spent in this place.
 C = Inter-level travel time spent in this place.
 D = Time resting spent in this place.
 E = Time spent auto-exploring this place.
 F = Levels seen in this place.
 G = Mean time per level.
                   A        B        C        D        E       F      G
               +--------+--------+--------+--------+--------+-----+--------+
         Total |  40965 |  37879 |   3086 |   4570 |  24266 |  35 | 1170.4 |
       Dungeon |  17666 |  15959 |   1707 |   1623 |  10898 |  15 | 1177.7 |
          Lair |   7385 |   6819 |    566 |    386 |   4694 |   6 | 1230.8 |
        Shoals |   4067 |   3859 |    208 |    321 |   2397 |   4 | 1016.8 |
     Snake Pit |   3035 |   2878 |    157 |     60 |   2207 |   4 |  758.8 |
  Orcish Mines |   2262 |   2103 |    159 |    409 |    919 |   2 | 1131.0 |
        Vaults |   6540 |   6253 |    287 |   1769 |   3149 |   3 | 2180.0 |
         Abyss |      7 |      7 |      0 |      0 |      0 |   1 |    7.0 |
               +--------+--------+--------+--------+--------+-----+--------+

Top non-repeatable levels by time:
Vaults:1: 3528 daAuts
Vaults:2: 2957 daAuts
     D:1: 2218 daAuts
    D:12: 1736 daAuts
  Lair:4: 1559 daAuts
  Lair:3: 1431 daAuts
     D:3: 1426 daAuts
     D:2: 1373 daAuts
  Lair:2: 1346 daAuts
Shoals:3: 1290 daAuts
    D:14: 1277 daAuts
 Snake:2: 1270 daAuts
   Orc:2: 1243 daAuts
     D:6: 1202 daAuts
     D:5: 1142 daAuts
